 Dungeon Crawl Stone Soup version 0.27-a0-1548-gf8a67e7463 (webtiles) character file.

Game seed: 9371692823920254307

1290 garrulousMonolith the Insei (level 8, 0/60 HPs)
             Began as a Gnoll Transmuter on July 13, 2021.
             Slain by a gnoll (9 damage)
             ... on level 5 of the Dungeon.
             The game lasted 00:05:32 (4530 turns).

garrulousMonolith the Insei (Gnoll Transmuter)      Turns: 4530, Time: 00:05:33

Health: 0/60       AC:  6    Str: 12    XL:     8   Next: 55%
Magic:  14/17      EV: 23    Int: 13    God:
Gold:   188        SH:  0    Dex: 17    Spells: 5/19 levels left

rFire    . . .     SeeInvis .     - Unarmed
rCold    . . .     Faith    .   (shield currently unavailable)
rNeg     . . .     Spirit   .   (armour currently unavailable)
rPois    x         Reflect  .   (helmet currently unavailable)
rElec    .         Harm     .   (cloak currently unavailable)
rCorr    .         Rampage  .   (gloves currently unavailable)
Will     .....                  (boots currently unavailable)
Stlth    +++.......             (no amulet)
HPRegen  0.20/turn              f - +4 ring of protection
MPRegen  0.15/turn              (no ring)

@: spider-form (expiring), wereblooded
A: venomous fangs, tiny, (fangs 1), strong nose, distributed training
a: End Transformation


You were on level 5 of the Dungeon.
You were a venomous arachnid creature.
You visited 1 branch of the dungeon, and saw 5 of its levels.

You collected 222 gold pieces.
You spent 34 gold pieces at shops.

Inventory:

Armour
 b - a +0 pair of gloves (melded)
 j - a +0 leather armour (melded)
 n - a +0 pair of boots (melded)
 q - a scarf of repulsion (melded)
Jewellery
 f - a +4 ring of protection (left front leg)
Wands
 m - a wand of polymorph (9)
Scrolls
 a - a scroll of fog {unknown}
 c - a scroll of enchant armour {unknown}
 e - 2 scrolls of amnesia
 h - a scroll of magic mapping {unknown}
 i - 2 scrolls of noise {unknown}
 l - a scroll of teleportation {unknown}
 o - 2 scrolls of acquirement {unknown}
 p - a scroll of summoning {unknown}
 r - a scroll of identify
 s - a scroll of immolation {unknown}
 v - a scroll of holy word {unknown}
Potions
 d - a potion of mutation
 g - a potion of might
 k - a potion of magic
 t - a potion of lignification {unknown}
 u - a potion of resistance {unknown}


   Skills:
 + Level 4.3 Fighting
 + Level 3.3 Short Blades
 + Level 3.3 Long Blades
 + Level 3.3 Axes
 + Level 3.3 Maces & Flails
 + Level 3.3 Polearms
 + Level 3.3 Staves
 + Level 3.3 Slings
 + Level 3.3 Bows
 + Level 3.3 Crossbows
 + Level 3.3 Throwing
 + Level 3.3 Armour
 + Level 5.7 Dodging
 + Level 3.3 Stealth
 + Level 3.3 Shields
 + Level 7.4 Unarmed Combat
 + Level 6.1 Spellcasting
 + Level 2.7 Conjurations
 + Level 2.7 Hexes
 + Level 2.7 Summonings
 + Level 2.7 Necromancy
 + Level 2.7 Translocations
 + Level 4.7 Transmutations
 + Level 2.7 Fire Magic
 + Level 2.7 Ice Magic
 + Level 2.7 Air Magic
 + Level 2.7 Earth Magic
 + Level 2.7 Poison Magic
 + Level 3.7 Invocations
 + Level 3.3 Evocations


You had 5 spell levels left.
You knew the following spells:

 Your Spells              Type           Power      Damage    Failure   Level
a - Beastly Appendage     Tmut           32%        N/A       9%          1
b - Wereblood             Tmut           16%        N/A       12%         2
c - Spider Form           Tmut/Pois      6%         N/A       26%         3
d - Ice Form              Ice/Tmut       13%        N/A       56%         4
e - Summon Lightning Spi  Summ/Air       11%        N/A       69%         4

Your spell library contained the following spells:

 Spells                   Type           Power      Damage    Failure   Level
 Sandblast                Erth           22%        2d7       16%         1
 Passwall                 Tmut/Erth      10%        N/A       16%         2
 Static Discharge         Conj/Air       11%        N/A       22%         2
 Gell's Gravitas          Tloc           5%         N/A       34%         3
 Summon Guardian Golem    Hex/Summ       11%        N/A       34%         3
 Teleport Other           Tloc           11%        N/A       34%         3
 Dispel Undead            Necr           11%        3d9       69%         4
 Sticky Flame             Conj/Fire      11%        2d3       69%         4
 Lee's Rapid Deconstruct  Erth           5%         3d7*      94%         5
 Summon Forest            Summ/Tloc      5%         N/A       94%         5
 Dispersal                Tloc           5%         N/A       100%        6
 Summon Hydra             Summ           5%         N/A       100%        7


Dungeon Overview and Level Annotations

Branches:
Dungeon (5/15)
 Temple: D:4-7

Altars:
Hepliaklqana
Vehumet
Xom

Shops:
D:4 *


Innate Abilities, Weirdness & Mutations

You are a venomous arachnid creature.
You have poisonous fangs.
You are tiny and dextrous.
Your spellcasting is less reliable in this form.
Your armour is entirely melded.
You are incapable of wielding weapons or throwing items.
((You have very sharp teeth.))
Your uncanny sense of smell can sniff out nearby items.
Your experience applies equally to all skills.


Message History

You hit the gnoll.
You feel a bit better.
You kill the gnoll!
The gnoll sergeant hits you from afar with a +2 trident of flaming!
The gnoll sergeant burns you.
You hit the gnoll.
The gnoll is heavily wounded.
You hiss as the wereblood boils in your veins!
The gnoll barely misses you. The gnoll sergeant barely misses you.
The gnoll hits you from afar with a +0 halberd.
You hit the gnoll.
The gnoll is poisoned.
The gnoll is severely wounded.
Your transformation is almost over.
The gnoll completely misses you. The gnoll sergeant misses you.
The gnoll misses you.
You bite the gnoll!
You feel a bit better.
You kill the gnoll!
The gnoll sergeant barely misses you. The gnoll closely misses you.
You barely miss the gnoll. The gnoll sergeant barely misses you.
The gnoll completely misses you. x2
You hit the gnoll.
The gnoll is poisoned.
The gnoll is moderately wounded.
You bite the gnoll!
You feel a bit better.
You kill the gnoll!
The gnoll sergeant completely misses you.
The gnoll misses you.
Okay, then.
The gnoll sergeant hits you with a +2 trident of flaming.
The gnoll sergeant burns you. The gnoll hits you but does no damage.
There is an open door, spattered with blood here.
Items here: )))) †††.
The gnoll sergeant blocks your attack.
You hiss as the wereblood boils in your veins!
The gnoll sergeant hits you with a +2 trident of flaming!
* * * LOW HITPOINT WARNING * * *
The gnoll sergeant burns you.
* * * LOW HITPOINT WARNING * * *
The gnoll closely misses you.
The gnoll sergeant completely misses you.
The gnoll hits you from afar with a +0 halberd!
You die...

##.......######.##
#..#....... #..........#####
##.#..##..# #....####......#
##.....#....
#....###......####......#....
##...≈≈≈≈≈≈≈≈≈.......#.##....
##...≈##≈≈≈##≈.####..#.###...
#.[..≈#######≈.# ###### #.##
#....≈≈#..g#≈≈.# ###
##.#.≈≈#[.g)s..#
####≈≈#...#≈≈## ≈#######≈# ≈#
#≈# ≈≈ ≈≈# ###


You could see a gnoll sergeant and a gnoll.

Vanquished Creatures
  Prince Ribbit (D:5)
  A sky beast (D:5)
  2 ice beasts (D:5)
  A necrophage (D:5)
  An ogre (D:4)
  A hornet zombie (D:5)
  A wyvern zombie (D:5)
  A scorpion (D:5)
  2 bullfrog zombies (D:5)
  A centaur zombie (D:5)
  A jelly (D:5)
  A centaur skeleton (D:5)
  An iguana (D:5)
  An orc wizard (D:5)
  A hound zombie (D:5)
  7 gnolls (D:5)
  6 adders
  A shadow imp (D:5)
  An adder skeleton (D:4)
  3 dart slugs
  8 orcs
  6 endoplasms
  3 giant cockroaches
  6 goblins
  5 hobgoblins
  2 quokkas
  9 ball pythons
  10 bats
  5 frilled lizards
  6 kobolds
  5 rats
100 creatures vanquished.

Notes
Turn   | Place    | Note
-------+----------+-------------------------------------------
     0 | D:1      | garrulousMonolith the Gnoll Transmuter began the quest for
                  | the Orb.
     0 | D:1      | Reached XP level 1. HP: 17/17 MP: 6/6
    85 | D:1      | Reached XP level 2. HP: 23/23 MP: 7/7
   258 | D:1      | Learned a level 2 spell: Wereblood
   349 | D:1      | Reached XP level 3. HP: 21/28 MP: 9/9
   456 | D:1      | Found a faded altar of an unknown god.
   506 | D:1      | Reached skill level 5 in Spellcasting
   743 | D:1      | Learned a level 3 spell: Spider Form
   838 | D:2      | Reached skill level 1 in Invocations
  1108 | D:2      | Reached skill level 1 in Short Blades
  1108 | D:2      | Reached skill level 1 in Long Blades
  1108 | D:2      | Reached skill level 1 in Axes
  1108 | D:2      | Reached skill level 1 in Maces & Flails
  1108 | D:2      | Reached skill level 1 in Polearms
  1108 | D:2      | Reached skill level 1 in Staves
  1108 | D:2      | Reached skill level 1 in Slings
  1108 | D:2      | Reached skill level 1 in Bows
  1108 | D:2      | Reached skill level 1 in Crossbows
  1108 | D:2      | Reached skill level 1 in Throwing
  1108 | D:2      | Reached skill level 1 in Armour
  1108 | D:2      | Reached skill level 1 in Stealth
  1108 | D:2      | Reached skill level 1 in Shields
  1108 | D:2      | Reached skill level 1 in Evocations
  1513 | D:2      | Reached XP level 4. HP: 33/34 MP: 11/11
  1579 | D:2      | Got Sif Muna's Grimoire of Companions
  1936 | D:3      | Reached skill level 1 in Conjurations
  1936 | D:3      | Reached skill level 1 in Hexes
  1936 | D:3      | Reached skill level 1 in Summonings
  1936 | D:3      | Reached skill level 1 in Necromancy
  1936 | D:3      | Reached skill level 1 in Translocations
  1936 | D:3      | Reached skill level 1 in Fire Magic
  1936 | D:3      | Reached skill level 1 in Ice Magic
  1936 | D:3      | Reached skill level 1 in Air Magic
  1936 | D:3      | Reached skill level 1 in Earth Magic
  1936 | D:3      | Reached skill level 1 in Poison Magic
  2238 | D:3      | Reached XP level 5. HP: 40/40 MP: 10/12
  2601 | D:4      | Found a radiant altar of Vehumet.
  2649 | D:4      | Noticed an ogre
  2661 | D:4      | Killed an ogre
  3014 | D:4      | Found Nemmutte's Assorted Antiques.
  3017 | D:4      | Bought a scroll of identify for 34 gold pieces
  3222 | D:5      | Entered Level 5 of the Dungeon
  3222 | D:5      | Noticed a necrophage
  3233 | D:5      | Killed a necrophage
  3234 | D:5      | Reached skill level 5 in Dodging
  3234 | D:5      | Reached XP level 6. HP: 43/47 MP: 14/14
  3249 | D:5      | Noticed an ice beast
  3262 | D:5      | Killed an ice beast
  3290 | D:5      | Reached XP level 7. HP: 19/52 MP: 13/15
  3484 | D:5      | Learned a level 4 spell: Ice Form
  3489 | D:5      | Learned a level 4 spell: Summon Lightning Spire
  3502 | D:5      | Reached skill level 7 in Unarmed Combat
  3808 | D:5      | Noticed Prince Ribbit
  3831 | D:5      | Killed Prince Ribbit
  3832 | D:5      | Reached XP level 8. HP: 29/60 MP: 12/16
  4407 | D:5      | Found a shimmering altar of Xom.
  4408 | D:5      | Found a hazy altar of Hepliaklqana.
  4409 | D:5      | Noticed a spectral ugly thing
  4530 | D:5      | Slain by a gnoll

Illustrated notes

Levels and vault maps discovered:
D:1:      minmay_arrival_open_corners, layout_rooms,
          shapermc_ecumenical_altar_pompeii
D:2:      layout_loops_ring, minmay_misc_feat_enclosed
D:3:      layout_basic, nrook_loot_triangle
D:4:      layout_gridville, old_standard_altar, serial_shops,
          kennysheep_mini_moat
D:5:      layout_cave_pools, regret_index_temple_of_mockery, serial_undead,
          serial_undead_d, serial_undead_f, serial_undead_e, serial_undead_b,
          lightli_minifort, uniq_prince_ribbit1

Skill      XL: |  1  2  3  4  5  6  7  8 |
---------------+-------------------------+-----
Spellcasting   | 5 6 |  6.1
Invocations    | 1 2 3 |  3.7
Short Blades   | 1 2 3 |  3.3
Long Blades    | 1 2 3 |  3.3
Axes           | 1 2 3 |  3.3
Maces & Flails | 1 2 3 |  3.3
Polearms       | 1 2 3 |  3.3
Staves         | 1 2 3 |  3.3
Slings         | 1 2 3 |  3.3
Bows           | 1 2 3 |  3.3
Crossbows      | 1 2 3 |  3.3
Throwing       | 1 2 3 |  3.3
Armour         | 1 2 3 |  3.3
Stealth        | 1 2 3 |  3.3
Shields        | 1 2 3 |  3.3
Evocations     | 1 2 3 |  3.3
Conjurations   | 1 2 |  2.7
Hexes          | 1 2 |  2.7
Summonings     | 1 2 |  2.7
Necromancy     | 1 2 |  2.7
Translocations | 1 2 |  2.7
Fire Magic     | 1 2 |  2.7
Ice Magic      | 1 2 |  2.7
Air Magic      | 1 2 |  2.7
Earth Magic    | 1 2 |  2.7
Poison Magic   | 1 2 |  2.7
Fighting       | 3 4 |  4.3
Transmutations | 4 |  4.7
Dodging        | 5 |  5.7
Unarmed Combat | 7 |  7.4

Action                   |  1- 3 |  4- 6 |  7- 9 || total
-------------------------+-------+-------+-------++-------
Melee: Unarmed           |    97 |   122 |   108 ||   327
       Kick              |    12 |    21 |       ||    33
       Bite              |     5 |    14 |       ||    19
       Headbutt          |     4 |     3 |       ||     7
       Punch             |     3 |     2 |       ||     5
 Cast: Beastly Appendage |    19 |    20 |       ||    39
       Wereblood         |       |     3 |     3 ||     6
       Spider Form       |       |       |    11 ||    11
  Use: Scroll            |       |     4 |       ||     4
 Stab: Sleeping          |     1 |     1 |     1 ||     3
Armor: Robe              |    28 |       |       ||    28
       Ring mail         |    14 |     9 |       ||    23
       Leather armour    |       |    34 |     3 ||    37
       Skin              |       |       |    14 ||    14
Dodge: Dodged            |    87 |    76 |   120 ||   283

Table legend: (Time is in decaauts)
 A = Elapsed time spent in this place.
 B = Non-inter-level travel time spent in this place.
 C = Inter-level travel time spent in this place.
 D = Time resting spent in this place.
 E = Time spent auto-exploring this place.
 F = Levels seen in this place.
 G = Mean time per level.
                   A        B        C        D        E       F      G
               +--------+--------+--------+--------+--------+-----+--------+
         Total |   4487 |   4421 |     66 |    410 |   3233 |   5 |  897.4 |
       Dungeon |   4487 |   4421 |     66 |    410 |   3233 |   5 |  897.4 |
               +--------+--------+--------+--------+--------+-----+--------+

Top non-repeatable levels by time:
     D:5: 1289 daAuts
     D:2: 987 daAuts
     D:4: 791 daAuts
     D:1: 750 daAuts
     D:3: 668 daAuts
